 Dungeon Crawl Stone Soup version 0.29-a0-380-gf50f0a9fbc (webtiles) character file.

Game seed: 6475144412614696096

49 CombatFreak the Cudgeller (level 3, 31/31 HPs)
             Began as a Minotaur Berserker on May 6, 2022.
             Was a Believer of Trog.
             Quit the game on level 2 of the Dungeon.
             The game lasted 00:06:03 (1313 turns).

CombatFreak the Cudgeller (Minotaur Berserker)      Turns: 1313, Time: 00:06:03

Health: 31/31      AC:  2    Str: 23    XL:     3   Next: 53%
Magic:  2/2        EV: 12    Int:  4    God:    Trog [**....]
Gold:   32         SH:  0    Dex:  9    Spells: 2/2 levels left

rFire   . . .      SeeInvis .   a - +0 mace
rCold   . . .      Faith    .   (no shield)
rNeg    . . .      Spirit   .   b - +0 animal skin
rPois   .          Reflect  .   (helmet restricted)
rElec   .          Harm     .   (no cloak)
rCorr   .          Rampage  .   (no gloves)
Will    .....                   (no boots)
Stlth   +.........              (no amulet)
HPRegen 0.10/turn               (no ring)
MPRegen 0.08/turn               (no ring)

@: no status effects
A: horns 2, retaliatory headbutt
a: Renounce Religion, Berserk, Trog's Hand


You were on level 2 of the Dungeon.
You worshipped Trog.
Trog was pleased with you.
You visited 1 branch of the dungeon, and saw 2 of its levels.

You collected 32 gold pieces.

Inventory:

Hand Weapons
 a - a +0 mace (weapon)
Armour
 b - a +0 animal skin (worn)
Jewellery
 f - a ring of protection from cold
Wands
 j - a wand of flame (21)
Scrolls
 c - a scroll of enchant weapon {unknown}
 e - a scroll of blinking {unknown}
 i - a scroll of magic mapping {unknown}
 k - a scroll of teleportation {unknown}
 n - a scroll of identify {unknown}
Potions
 d - 2 potions of resistance {unknown}
 g - a potion of brilliance {unknown}
 h - a potion of curing {unknown}
 l - a potion of invisibility {unknown}
 m - a potion of attraction {unknown}


   Skills:
 - Level 3.6 Fighting
 + Level 5.6 Maces & Flails
 - Level 2.4 Armour
 - Level 2.1 Dodging


You had 2 spell levels left.
You didn't know any spells.
Your spell library was empty.

Dungeon Overview and Level Annotations

Branches:
Dungeon (2/15)

Altars:


Innate Abilities, Weirdness & Mutations

You have a pair of horns on your head.
You reflexively headbutt those who attack you in melee.


Message History

You kill the jackal!
Trog accepts your kill.
You hit the ball python zombie.
The ball python zombie is lightly damaged.
The ball python zombie bites you.
The ball python zombie closely misses you.
You sock the ball python zombie!
You destroy the ball python zombie!
Trog accepts your kill.
No target in view!
No target in view!
HP restored.
You see here a jackal corpse.
There is a stone staircase leading up here.
n - a scroll labelled HOERYATEUKH You open the door.
An adder comes into view.
The adder moves out of view.
Found 18 stones.
There is an open door here.
You barely miss the adder. The adder completely misses you.
You hit the adder. You headbutt the adder.
You kill the adder!
Trog accepts your kill.
You see here a jackal corpse.
Saving game... please wait.
Welcome back, CombatFreak the Minotaur Berserker.
Trog says: Kill them all!
Press ? for a list of commands and other information.
You see here a jackal corpse.
You open the door.
There is an open door here.
Done exploring.
There is an open door here.
You see here a jackal corpse.
Saving game... please wait.
Welcome back, CombatFreak the Minotaur Berserker.
Trog says: Kill them all!
Press ? for a list of commands and other information.
Are you sure you want to abandon this character and quit the game? (Confirm with "yes".)

#.#####..# #.......#
######..... #.# #..#
##############..'..... #.##
#..# #.....##.##..... #..#
#..# #.###.##......##
##.####..# #.# #.##..#####
....#....#########.# #.#...#
†#...............#.###.#.#.#
.#....P÷########.#...#.#...#
.#......# ######@###.#'#####
.#.P....# #............[...#
.#......# #......###.......#
.###..#.# #[..<....'.......#
.#....#.# #.....####†......#
##......# #.....# #.......#
#####...# #.....# #.....(.#
#####...# #.....# #.......#
........# #.....# #.......#


There were no monsters in sight!

Vanquished Creatures
  An adder (D:2)
  An adder zombie (D:2)
  A dart slug (D:1)
  3 bats
  A bat zombie (D:2)
  3 endoplasms
  3 giant cockroaches
  2 goblins (D:2)
  4 hobgoblins
  3 jackals (D:2)
  4 ball pythons
  A ball python zombie (D:2)
  A frilled lizard (D:2)
  2 kobolds (D:1)
  A quokka skeleton (D:2)
  A quokka zombie (D:2)
  2 rats (D:2)
34 creatures vanquished.

Notes
Turn   | Place    | Note
-------+----------+-------------------------------------------
     0 | D:1      | CombatFreak the Minotaur Berserker began the quest for the
                  | Orb.
     0 | D:1      | Reached XP level 1. HP: 19/19 MP: 0/0
   276 | D:1      | Reached skill level 4 in Maces & Flails
   344 | D:1      | Reached XP level 2. HP: 25/26 MP: 1/1
   715 | D:1      | You fall into a shaft and drop 1 floor!
   966 | D:2      | Reached skill level 5 in Maces & Flails
   996 | D:2      | Reached XP level 3. HP: 30/31 MP: 2/2
  1115 | D:2      | Reached ** piety under Trog
  1313 | D:2      | Quit the game

Illustrated notes

Levels and vault maps discovered:
D:1:      zelgadis_glass_arrival_small, layout_basic,
          ebering_ecumenical_altar_hall, feat_on_display
D:2:      layout_basic, serial_undead, serial_undead_b, serial_undead_a,
          serial_undead_c, serial_undead_d

Skill      XL: |  1  2 |
---------------+-------+-----
Maces & Flails | 4 5 |  5.6
Fighting       | |  3.6
Armour         | |  2.4
Dodging        | |  2.1

Action                   || total
-------------------------++-------
Melee: Mace              ||    60
       Headbutt          ||     5
Armor: Animal skin       ||    12
Dodge: Dodged            ||    32

Table legend: (Time is in decaauts)
 A = Elapsed time spent in this place.
 B = Non-inter-level travel time spent in this place.
 C = Inter-level travel time spent in this place.
 D = Time resting spent in this place.
 E = Time spent auto-exploring this place.
 F = Levels seen in this place.
 G = Mean time per level.
                   A        B        C        D        E       F      G
               +--------+--------+--------+--------+--------+-----+--------+
         Total |   1322 |   1322 |      0 |      8 |    966 |   2 |  661.0 |
       Dungeon |   1322 |   1322 |      0 |      8 |    966 |   2 |  661.0 |
               +--------+--------+--------+--------+--------+-----+--------+

Top non-repeatable levels by time:
     D:1: 718 daAuts
     D:2: 603 daAuts
